Map: Megaton

Players

Odin - Winner!

  • Race: Protoss Protoss
  • League: Platinum
  • Spawn Location: 0:00

A.I. 1 (Harder)

  • Race: Protoss Protoss
  • Spawn Location: 5:00

A.I. 2 (Harder)

  • Race: Protoss Protoss
  • Spawn Location: 5:00

A.I. 3 (Harder)

  • Race: Terran Terran
  • Spawn Location: 5:00

A.I. 4 (Harder)

  • Race: Terran Terran
  • Spawn Location: 6:00

VOD

Have the link to the VOD?

Description

Time

  • Played on: Dec. 17, 2018, 2:21 p.m.
  • Length: 26:38
Show
View Real Time Build Order
Export as new Build Order

Odin Protoss - Winner!

Build Orders: Cannon Rush, Carriers 

Get SALT Encoding   

  12  0:01  Probe  
  13  0:13  Probe  
  13  0:14  Pylon  
  14  0:34  Forge  
  14  0:52  Pylon  
  14  1:05  Pylon  
  14  1:17  Pylon  
  14  1:25  Probe  
  15  1:34  Photon Cannon  
  15  1:36  Photon Cannon  
  15  1:50  Photon Cannon  
  15  1:52  Photon Cannon  
  15  2:04  Photon Cannon  
  15  2:10  Photon Cannon  
  15  2:23  Photon Cannon  
  15  2:34  Photon Cannon  
  15  2:36  Pylon  
  15  2:46  Photon Cannon  
  15  2:55  Photon Cannon  
  15  3:25  Photon Cannon  
  15  3:27  Gateway  
  15  3:30  Assimilator  
  15  3:43  Photon Cannon  
  15  3:48  Photon Cannon  
  15  3:54  Probe  
  15  4:02  Probe  
  16  4:12  Probe  
  17  4:21  Cybernetics Core  
  17  4:25  Photon Cannon  
  17  4:45  Probe  
  18  4:53  Probe  
  19  5:01  Stargate  
  19  5:03  Probe  
  19  5:05  Assimilator  
  20  5:19  Probe  
  21  5:41  Shield Battery  
  21  5:45  Shield Battery  
  21  5:46  Probe  
  22  5:50  Shield Battery  
  22  6:01  Probe  
  23  6:06  Stargate  
  23  6:18  Shield Battery  
  23  6:24  Pylon  
  23  6:29  Oracle  
  26  6:43  Nexus  
  26  6:53  Probe  
  27  7:05  Oracle, Probe  
  31  7:14  Assimilator  
  31  7:18  Assimilator  
  31  7:19  Oracle  
  31  7:27  Probe  
  35  7:39  Probe  
  36  7:51  Probe, Pylon  
  37  8:03  Probe  
  38  8:10  Probe  
  42  8:15  Probe  
  40  8:22  Probe  
  41  8:27  Probe  
  41  8:28  Void Ray  
  41  8:29  Void Ray  
  50  8:34  Probe  
  50  8:39  Probe  
  52  8:46  Probe  
  53  8:52  Probe  
  54  8:58  Probe  
  52  9:11  Probe  
  52  9:12  Probe  
  52  9:16  Fleet Beacon  
  54  9:24  Probe x2  
  56  9:27  Void Ray x2  
  64  9:35  Stargate  
  64  9:45  Shield Battery  
  64  9:46  Shield Battery  
  64  10:06  Stargate  
  64  10:11  Nexus  
  64  10:14  Assimilator  
  64  10:18  Assimilator  
  64  10:21  Pylon  
  64  10:41  Carrier x2  
  64  10:47  Probe x2  
  78  10:57  Protoss Shields Level 1  
  78  11:04  Pylon  
  78  11:10  Pylon  
  78  11:19  Carrier  
  78  11:22  Carrier  
  90  11:38  Probe x2  
  90  11:39  Probe  
  93  11:50  Probe  
  94  11:57  Probe x2  
  96  12:03  Probe  
  97  12:09  Probe x2  
  97  12:15  Probe  
  100  12:18  Cybernetics Core  
  100  12:21  Probe x2  
  100  12:22  Carrier  
  102  12:28  Twilight Council  
  102  12:36  Shield Battery  
  107  12:51  Pylon x2  
  107  12:55  Pylon  
  107  12:56  Pylon  
  107  12:57  Pylon  
  107  12:58  Pylon  
  107  13:10  Carrier  
  107  13:12  Shield Battery  
  107  13:16  Shield Battery  
  107  13:19  Shield Battery x2  
  113  13:32  Carrier x2  
  118  14:17  Probe  
  118  14:30  Probe  
  119  14:31  Probe  
  119  14:32  Probe  
  121  14:40  Photon Cannon  
  121  14:42  Probe, Carrier  
  121  14:43  Probe  
  121  14:44  Probe  
  130  14:49  Pylon  
  130  14:50  Pylon  
  130  14:54  Probe  
  130  14:56  Probe x2  
  130  14:58  Protoss Shields Level 2  
  133  15:03  Carrier x2  
  131  15:07  Probe  
  131  15:08  Probe x2, Carrier  
  134  15:19  Probe  
  134  15:20  Probe x2  
  133  15:32  Assimilator  
  133  15:37  Assimilator  
  133  15:41  Stargate  
  133  15:48  Stargate  
  133  15:55  Carrier  
  139  16:00  Nexus  
  139  16:02  Carrier, Assimilator  
  139  16:07  Assimilator  
  145  16:17  Pylon  
  145  16:35  Carrier x2  
  145  16:36  Pylon  
  145  16:37  Pylon  
  145  16:39  Pylon  
  157  16:41  Pylon  
  157  16:49  Protoss Air Weapons Level 1, Protoss Air Armor Level 1  
  157  17:03  Carrier x2  
  169  17:10  Carrier  
  175  17:57  Carrier  
  175  17:58  Carrier  
  178  18:41  Carrier  
  178  18:42  Carrier  
  178  18:48  Mothership  
  196  19:01  Protoss Shields Level 3  
  196  19:02  Protoss Air Weapons Level 2, Protoss Air Armor Level 2  
  198  19:40  Probe x2  
  194  20:34  Carrier  
  194  20:35  Carrier x2  
  194  20:47  Carrier  
  200  21:38  Protoss Air Armor Level 3, Protoss Air Weapons Level 3  
  200  25:57  Pylon  
  200  26:10  Pylon  
  200  26:11  Pylon  
  200  26:16  Pylon  
  200  26:22  Pylon  
  200  26:23  Pylon  
  200  26:30  Pylon  
  200  26:31  Pylon  
Show
View Real Time Build Order
Export as new Build Order

A.I. 1 (Harder) Protoss 

Build Orders:  

Get SALT Encoding   

  12  0:01  Probe  
  13  0:13  Probe  
  14  0:21  Pylon  
  14  0:25  Probe  
  15  0:35  Probe  
  16  0:43  Probe  
  16  0:48  Assimilator  
  17  0:52  Probe  
  17  0:53  Gateway  
  18  1:00  Probe  
  18  1:01  Pylon  
  19  1:22  Probe  
  20  1:39  Zealot  
  20  1:42  Cybernetics Core  
  20  1:45  Gateway  
  22  1:58  Assimilator  
  22  2:03  Pylon  
  22  2:16  Adept  
  22  2:23  Probe  
  16  2:32  Zealot  
  15  2:40  Probe  
  15  2:43  Stalker  
  12  2:52  Probe  
  11  2:59  Adept  
  11  3:01  Probe  
  12  3:09  Probe  
  10  3:18  Probe  
  8  3:31  Probe  
  9  3:44  Probe  
  10  3:56  Probe  
  11  4:04  Probe  
  12  4:12  Probe  
  13  4:23  Probe  
  14  4:35  Probe  
  15  4:47  Probe  
  16  4:58  Probe  
  17  5:06  Probe  
  18  5:14  Probe  
  19  5:26  Probe  
  20  5:35  Zealot  
  22  5:38  Probe  
  23  5:48  Adept  
  25  5:50  Probe  
  26  6:00  Probe, Warp Gate  
  26  6:02  Sentry  
  29  6:08  Probe  
  29  6:16  Probe  
  31  6:28  Probe  
  32  6:36  Pylon  
  32  6:40  Probe  
  33  6:52  Probe  
  34  7:02  Probe  
  34  7:07  Nexus  
  35  7:10  Probe  
  36  7:22  Gateway  
  36  7:27  Zealot  
  38  7:35  Stalker  
  40  7:49  Pylon  
  40  7:51  Sentry  
  40  7:54  Forge  
  42  8:13  Zealot  
  42  8:15  Protoss Ground Weapons Level 1  
  42  8:19  Probe  
  45  8:20  Zealot  
  45  8:22  Probe  
  48  8:31  Probe  
  43  8:34  Probe  
  34  8:44  Probe  
  34  8:46  Probe  
  25  8:56  Probe  
  25  8:58  Probe  
  27  9:26  Probe  
  27  9:30  Probe  
  29  9:38  Probe  
  29  9:42  Probe  
  31  9:50  Probe  
  32  9:55  Probe  
  33  10:02  Probe  
  33  10:07  Probe  
  35  10:11  Probe  
  35  10:19  Probe  
  35  10:20  Probe  
  38  10:31  Probe x2  
  38  10:34  Gateway  
  40  10:41  Probe  
  40  10:43  Probe  
  42  10:53  Probe  
  42  10:55  Probe  
  44  11:05  Probe  
  44  11:09  Probe  
  44  11:10  Robotics Facility  
  46  11:17  Probe x2  
  47  11:25  Probe  
  48  11:29  Probe  
  50  11:33  Gateway  
  50  11:45  Stargate  
  50  11:55  Stalker x2  
  50  11:57  Observer  
  51  12:05  Robotics Facility  
  51  12:10  Nexus  
  51  12:11  Observer  
  52  12:29  Phoenix  
  54  12:32  Immortal  
  54  12:33  Stargate  
  54  12:49  Warp Prism  
  52  12:51  Zealot  
  54  13:03  Warp Prism  
  56  13:19  Observer  
  56  13:21  Photon Cannon  
  57  13:29  Stargate  
  57  13:31  Warp Prism  
  58  13:44  Robotics Bay  
  58  13:48  Probe  
  59  13:53  Stalker  
  61  14:05  Void Ray  
  63  14:16  Zealot  
  53  14:17  Probe  
  53  14:23  Zealot  
  49  14:29  Stalker  
  51  14:33  Disruptor  
  51  14:38  Stalker  
  56  14:42  Sentry  
  58  14:46  Adept  
  58  14:50  Disruptor  
  63  15:12  Assimilator  
  63  15:14  Assimilator  
  63  15:21  Assimilator  
  63  15:26  Photon Cannon  
  63  15:29  Zealot  
  63  15:32  Probe  
  63  15:34  Zealot  
  68  15:39  Probe  
  68  15:40  Probe  
  68  15:41  Probe  
  71  15:50  Probe  
  71  15:52  Pylon  
  71  15:55  Probe x2  
  74  16:01  Stalker  
  76  16:07  Stalker  
  78  16:14  Probe, Pylon  
  78  16:17  Fleet Beacon  
  78  16:20  Stalker  
  78  16:25  Sentry  
  82  16:29  Adept  
  84  16:39  Void Ray  
  88  16:47  Pylon  
  88  16:50  Disruptor  
  91  16:59  Tempest  
  91  17:03  Immortal  
  100  17:12  Pylon  
  100  17:20  Immortal  
  104  17:34  Disruptor  
  104  17:39  Pylon  
  104  17:44  Adept  
  103  17:47  Stalker  
  102  17:51  Adept  
  102  17:55  Zealot  
  102  17:56  Disruptor  
  107  18:05  Tempest  
  112  18:18  Probe  
  112  18:19  Pylon  
  113  18:20  Probe  
  113  18:23  Probe  
  115  18:29  Protoss Ground Armor Level 1  
  115  18:30  Probe  
  115  18:31  Probe  
  117  18:35  Probe  
  117  18:40  Probe  
  118  18:42  Probe  
  118  18:47  Probe, Pylon  
  121  18:54  Probe, Twilight Council  
  122  19:01  Probe  
  122  19:02  Probe  
  124  19:06  Probe  
  125  19:13  Probe  
  126  19:17  Pylon  
  126  19:18  Probe  
  126  19:20  Probe  
  126  19:21  Blink  
  128  19:25  Probe  
  128  19:30  Probe  
  130  19:37  Probe  
  131  19:39  Probe  
  131  19:42  Probe  
  131  19:44  Void Ray  
  131  19:45  Protoss Air Weapons Level 1  
  133  19:47  Pylon  
  133  19:48  Gravitic Boosters  
  133  19:49  Probe  
  133  19:52  Probe  
  135  20:13  Nexus  
  135  20:23  Protoss Ground Weapons Level 2  
  135  20:26  Stalker  
  133  20:29  Disruptor  
  133  20:31  Stalker  
  133  20:35  Tempest  
  110  20:44  Stalker  
  110  20:45  Gravitic Drive  
  110  20:48  Sentry  
  97  20:52  Sentry  
  95  20:57  Stalker  
  95  20:58  Assimilator  
  95  20:59  Disruptor  
  95  21:01  Adept  
  99  21:10  Zealot  
  104  21:14  Zealot  
  106  21:19  Stalker  
  106  21:23  Stalker  
  110  21:26  Immortal  
  110  21:27  Adept  
  110  21:29  Protoss Air Armor Level 1  
  110  21:32  Disruptor  
  119  21:41  Tempest  
  119  21:42  Assimilator  
  119  21:44  Assimilator  
  124  21:57  Probe  
  124  22:00  Probe x2  
  109  22:10  Probe  
  109  22:12  Probe x2  
  111  22:18  Nexus  
  111  22:19  Protoss Shields Level 1  
  111  22:22  Probe  
  112  22:24  Probe  
  112  22:25  Probe  
  112  22:26  Assimilator  
  118  22:34  Probe, Immortal  
  118  22:36  Probe  
  118  22:37  Probe  
  116  22:41  Pylon  
  112  22:47  Stargate  
  107  22:59  Assimilator  
  107  23:02  Robotics Bay  
  107  23:06  Immortal  
  107  23:07  Robotics Facility  
  107  23:09  Photon Cannon  
  107  23:11  Probe  
  108  23:13  Probe  
  108  23:14  Probe  
  108  23:16  Pylon  
  114  23:23  Probe  
  114  23:25  Probe  
  114  23:26  Probe  
  117  23:31  Stalker x2  
  117  23:32  Tempest  
  123  23:35  Probe  
  123  23:37  Probe  
  123  23:38  Stargate  
  121  23:41  Disruptor  
  121  23:46  Stalker  
  122  23:51  Pylon  
  102  24:16  Pylon  
  80  24:18  Stalker  
  80  24:21  Zealot  
  80  24:22  Stalker  
  80  24:23  Stalker x2  
  44  24:38  Nexus  
  27  24:57  Nexus  
  25  25:22  Nexus, Pylon  
  25  25:25  Pylon  
  25  25:26  Pylon  
  25  25:28  Pylon  
  25  25:33  Assimilator  
  25  25:42  Probe  
  25  25:46  Probe  
  26  25:50  Probe  
  26  25:53  Assimilator  
  26  25:54  Probe  
  26  25:55  Forge  
  26  25:56  Gateway  
  28  25:58  Gateway  
  28  25:59  Probe  
  28  26:03  Pylon  
  30  26:07  Probe  
  30  26:09  Gateway, Probe  
  30  26:17  Probe  
  19  26:21  Probe  
  18  26:27  Pylon  
Show
View Real Time Build Order
Export as new Build Order

A.I. 2 (Harder) Protoss 

Build Orders:  

Get SALT Encoding   

  12  0:01  Probe  
  13  0:13  Probe  
  14  0:21  Pylon  
  14  0:25  Probe  
  15  0:35  Probe  
  16  0:43  Probe  
  17  0:51  Gateway  
  17  0:52  Probe  
  18  1:03  Pylon  
  18  1:05  Assimilator  
  18  1:16  Probe  
  19  1:28  Probe  
  20  1:38  Zealot  
  22  1:41  Probe  
  22  1:42  Gateway  
  22  1:45  Cybernetics Core  
  23  1:55  Probe  
  23  2:00  Pylon  
  24  2:01  Assimilator  
  24  2:04  Probe  
  25  2:12  Warp Gate  
  25  2:14  Zealot  
  27  2:16  Probe  
  28  2:29  Probe, Adept  
  31  2:36  Pylon  
  31  2:41  Probe, Stalker  
  30  2:53  Probe  
  30  2:56  Stalker  
  26  3:05  Probe  
  24  3:11  Stalker  
  16  3:17  Probe  
Show
View Real Time Build Order
Export as new Build Order

A.I. 3 (Harder) Terran 

Build Orders:  

Get SALT Encoding   

  12  0:01  SCV  
  13  0:13  SCV  
  14  0:20  Supply Depot  
  14  0:25  SCV  
  15  0:42  SCV  
  16  0:45  Barracks  
  16  0:54  SCV  
  17  1:06  SCV  
  18  1:21  Command Center  
  18  1:32  Marine  
  19  1:34  Orbital Command  
  19  1:40  Supply Depot  
  19  1:48  Refinery  
  19  1:50  Marine  
  20  2:00  SCV  
  21  2:05  Barracks  
  21  2:10  Refinery  
  21  2:11  Marine  
  21  2:12  SCV  
  23  2:25  SCV  
  24  2:30  Marine  
  24  2:31  Supply Depot  
  25  2:38  SCV  
  26  2:49  Barracks Tech Lab  
  26  2:51  Marine  
  26  2:54  SCV  
  28  2:59  SCV  
  29  3:06  SCV  
  29  3:09  Reaper  
  29  3:11  SCV  
  30  3:12  Marine  
  30  3:18  SCV  
  31  3:22  Factory  
  31  3:23  SCV  
  32  3:30  SCV  
  32  3:31  Marauder  
  35  3:35  Factory, SCV  
  36  3:42  Barracks Tech Lab  
  36  3:55  Refinery  
  36  4:02  Refinery  
  36  4:04  Marine  
  37  4:10  Factory Tech Lab, Starport  
  37  4:13  Marine  
  37  4:14  Starport  
  38  4:19  Factory Tech Lab  
  38  4:22  Marine  
  39  4:31  Marauder  
  41  4:39  SCV  
  41  4:41  Marauder, SCV  
  41  4:43  Supply Depot  
  45  4:47  Medivac  
  45  4:51  SCV, Starport Tech Lab  
  48  4:53  Reaper, SCV  
  48  4:57  Ghost Academy  
  50  5:03  SCV  
  50  5:05  SCV  
  52  5:12  Stimpack  
  52  5:15  SCV  
  52  5:17  SCV, Starport Tech Lab  
  52  5:21  Supply Depot  
  54  5:25  Combat Shield  
  54  5:27  SCV  
  54  5:28  Ghost  
  55  5:29  SCV  
  58  5:36  Engineering Bay  
  58  5:39  SCV  
  58  5:42  SCV  
  60  5:48  Marine  
  61  5:51  SCV  
  61  5:56  SCV  
  63  5:57  Marine, Supply Depot  
  63  6:02  Terran Infantry Armor Level 1  
  63  6:03  SCV  
  65  6:06  Marine  
  65  6:08  SCV  
  67  6:15  Marine, SCV  
  69  6:20  SCV  
  69  6:21  Supply Depot  
  69  6:24  Marine  
  71  6:28  SCV  
  72  6:33  Marine  
  73  6:41  SCV  
  73  6:42  Marauder, SCV  
  73  6:44  Concussive Shells  
  73  6:45  Supply Depot  
  77  6:49  Medivac  
  77  6:51  Marauder  
  77  6:53  SCV  
  82  6:56  Missile Turret  
  82  6:59  Missile Turret  
  82  7:01  Missile Turret  
  82  7:03  Ghost  
  82  7:04  Missile Turret  
  82  7:06  Medivac  
  86  7:09  Supply Depot  
  86  7:11  Sensor Tower  
  86  7:12  Marauder  
  88  7:19  Armory, Raven  
  90  7:26  Barracks  
  90  7:32  Reaper  
  90  7:33  Bunker  
  90  7:34  Bunker  
  90  7:35  Reaper  
  90  7:36  Raven  
  94  7:37  Supply Depot  
  94  7:57  Terran Infantry Weapons Level 1  
  94  8:12  Barracks Reactor  
  94  8:49  Marine, Raven  
  94  8:51  Terran Vehicle Weapons Level 1  
  94  8:52  Marine  
  94  8:53  Factory  
  94  8:55  Marine, SCV  
  98  8:57  SCV  
  98  8:58  Marine  
  98  8:59  Starport  
  98  9:01  Supply Depot  
  95  9:06  Command Center, Engineering Bay  
  95  9:07  Marauder, SCV  
  95  9:09  SCV  
  99  9:10  Marauder  
  101  9:30  Fusion Core  
  101  9:31  Terran Infantry Armor Level 2  
  101  9:39  Armory, Factory Reactor  
  101  9:54  Terran Infantry Weapons Level 2  
  101  10:04  Marine  
  100  10:14  Starport Reactor  
  100  10:19  SCV x3  
  100  10:20  Refinery  
  103  10:26  Terran Ship Weapons Level 1  
  103  10:31  SCV  
  103  10:32  SCV x2  
  106  10:37  Missile Turret  
  106  10:40  Missile Turret  
  106  10:42  Refinery  
  105  10:43  SCV  
  105  10:44  SCV  
  105  10:45  SCV, Terran Vehicle And Ship Armor Level 1  
  108  10:55  SCV  
  108  10:56  SCV  
  110  11:01  Bunker  
  110  11:18  Command Center  
  110  12:12  Terran Infantry Weapons Level 3, Terran Infantry Armor Level 3, Hellion  
  110  12:13  Siege Tank  
  115  12:16  Hellion  
  115  12:19  Hellion  
  115  12:20  Supply Depot  
  119  12:23  Terran Vehicle Weapons Level 2  
  119  12:31  Marine  
  119  12:33  Marine, Siege Tank  
  119  12:35  Marine  
  120  12:39  Hellion  
  120  12:42  Infernal Pre-Igniter  
  122  12:46  Siege Tank  
  122  12:50  Refinery  
  125  12:55  Missile Turret  
  125  12:59  Terran Vehicle And Ship Armor Level 2  
  125  13:00  Missile Turret  
  125  13:03  Supply Depot  
  125  13:05  Refinery, Siege Tank  
  128  13:17  Thor  
  134  13:22  Bunker  
  134  13:28  Supply Depot  
  134  13:37  Siege Tank  
  137  13:54  Supply Depot  
  137  13:55  Rapid Reignition System  
  137  14:00  Siege Tank  
  140  14:09  Siege Tank  
  143  14:33  Siege Tank  
  146  14:39  Terran Ship Weapons Level 2  
  146  14:41  Siege Tank  
  149  14:49  Neosteel Armor, Hi-Sec Auto Tracking  
  149  15:05  Siege Tank  
  152  15:09  Marine  
  152  15:11  Marine  
  152  15:13  Raven  
  152  15:14  Marine  
  148  15:15  Terran Vehicle Weapons Level 3  
  148  15:16  Marine, Raven  
  141  15:27  Marine, Medivac  
  136  15:28  Medivac  
  136  15:29  Marine  
  136  15:30  Thor, Supply Depot  
  136  15:31  Marine  
  142  15:36  Command Center, Thor  
  142  15:38  Marine  
  149  15:45  Marine  
  149  15:47  Marine  
  149  15:49  Marine  
  152  15:56  Marine, Supply Depot, Medivac  
  155  15:57  Viking  
  155  15:59  Raven  
  155  16:00  Viking  
  161  16:04  Marine  
  161  16:07  SCV  
  162  16:12  Thor  
  168  16:21  Supply Depot  
  168  16:26  Banshee  
  171  16:42  Battlecruiser  
  177  16:55  Refinery, Terran Vehicle And Ship Armor Level 3  
  177  16:58  Missile Turret  
  177  17:07  Missile Turret  
  177  17:08  Banshee  
  180  17:31  Bunker  
  180  17:52  Terran Ship Weapons Level 3  
  177  18:06  Marine  
  177  18:09  Marine  
  177  18:11  Raven  
  160  18:13  Marine  
  160  18:17  Marine, Raven  
  147  18:24  Marine  
  125  18:27  Marine  
  125  18:31  Marine, Viking  
  123  18:35  Marine  
  98  18:42  Marine  
  98  18:45  Marine  
  100  18:49  Marine  
  100  18:50  Viking  
  100  18:53  Marine, Thor  
  100  18:54  Raven  
  112  18:56  Thor  
  112  18:59  Hellion  
  122  19:03  Hellion  
  122  19:05  Marine  
  122  19:08  Marine  
  124  19:11  Marine  
  124  19:14  Marine  
  126  19:21  Hellion  
  130  19:24  Hellion  
  130  19:36  Siege Tank  
  133  19:39  Siege Tank  
  136  19:53  Viking x2  
  136  19:54  Marauder  
  136  19:57  SCV  
  142  20:08  Thor  
  142  20:10  SCV  
  142  20:11  Siege Tank  
  142  20:14  Marine, Viking  
  150  20:17  Marine  
  150  20:20  Marine  
  150  20:21  Viking  
  138  20:24  Marine  
  138  20:26  Raven x2  
  133  20:32  Marine  
  133  20:35  Marine  
  131  20:38  Marine  
  131  20:41  Marine  
  125  20:49  Marine, Hellion  
  106  20:51  Hellion  
  106  20:53  Marauder  
  106  20:55  Marine  
  106  20:56  Hellion  
  99  20:57  SCV  
  99  20:58  SCV  
  99  20:59  Marine  
  99  21:03  Hellion  
  93  21:07  Marine  
  93  21:09  Viking  
  86  21:12  Siege Tank  
  86  21:14  Marauder  
  86  21:15  SCV  
  86  21:16  SCV  
  86  21:18  SCV, Hellion  
  84  21:25  Hellion  
  76  21:30  SCV  
  76  21:31  SCV  
  71  21:39  Viking, Hellion  
  66  21:43  SCV  
  66  21:45  Hellion  
  66  21:46  Hellion  
  63  21:50  Armory  
  63  21:53  Barracks  
  45  22:06  Siege Tank  
  48  22:10  Supply Depot  
  47  22:25  SCV  
  47  22:26  SCV  
  46  22:31  SCV  
  45  22:37  SCV  
  45  22:38  SCV  
  45  22:43  Marine  
  46  22:47  SCV  
  26  23:05  Orbital Command  
  26  23:06  Command Center  
  25  23:18  Engineering Bay  
  24  23:34  Engineering Bay  
  19  23:55  Command Center  
  10  24:10  SCV  
  11  24:17  Command Center  
  11  24:20  Supply Depot  
  12  24:22  SCV  
  12  24:40  Sensor Tower  
Show
View Real Time Build Order
Export as new Build Order

A.I. 4 (Harder) Terran 

Build Orders:  

Get SALT Encoding   

  12  0:01  SCV  
  13  0:13  SCV  
  14  0:19  Supply Depot  
  14  0:25  SCV  
  15  0:41  SCV  
  16  0:45  Barracks  
  16  0:50  Refinery  
  16  0:53  SCV  
  17  1:05  SCV  
  18  1:17  SCV  
  19  1:22  Supply Depot  
  19  1:29  SCV  
  20  1:34  Marine  
  21  1:45  Barracks, Orbital Command  
  21  1:53  Barracks Tech Lab  
  21  2:01  Refinery  
  20  2:10  SCV  
  20  2:11  Marine  
  14  2:22  SCV  
  14  2:29  Marauder  
  10  2:32  Marine  
  8  2:34  SCV  
Tags
 
Add a new tag
Caveats
  • Supply blocks, unpowered buildings, or Contaminate may cause inaccurate times.
  • Supply counts are checked every 10 seconds.